EVO
WICHITA STATE UNIVERSITY SHOCKERS @ UNIVERSITY OF ILLINOIS FIGHTING ILLINI
07/11/2044
 
TOP OF THE 1ST
Wichita State University Shockers batting - Pitching for University of Illinois Fighting Illini : RHP Pu-la Yun
Pitching: RHP Pu-la Yun
Batting: RHB Manny Hensley 0-0: Called Strike
0-1: Foul Ball, location: 2F
0-2: Ball
1-2: Ball
2-2: Strikes out swinging
Batting: SHB Nadhir Umayr 0-0: Called Strike
0-1: Ball
1-1: Ball
2-1: Ball
3-1: SINGLE (Groundball, 4D, EV 95.0 MPH)
Batting: LHB Sam Williams 0-0: Ball
Nadhir Umayr steals 2nd base
1-0: Swinging Strike
1-1: Foul Ball, location: 2F
1-2: Strikes out looking
Batting: RHB Jason Baldwin 0-0: Ball
1-0: Fly out, F8 (Flyball, 8RS, EV 95.6 MPH)
Top of the 1st over - 0 runs, 1 hit, 0 errors, 1 left on base; Wichita State University 0 - University of Illinois 0
BOTTOM OF THE 1ST
University of Illinois Fighting Illini batting - Pitching for Wichita State University Shockers : RHP Muckle Wildriver
Pitching: RHP Muckle Wildriver
Batting: RHB Nick Lombardo 0-0: Ground out 6-3 (Groundball, 6M, EV 83.8 MPH)
Batting: RHB Tim Jobe 0-0: Ground out 5-3 (Groundball, 56, EV 88.8 MPH)
Batting: SHB Matt Urbani 0-0: Called Strike
0-1: Foul Ball, location: 2F
0-2: Ground out 6-3 (Groundball, 6M, EV 94.4 MPH)
Bottom of the 1st over - 0 runs, 0 hits, 0 errors, 0 left on base; Wichita State University 0 - University of Illinois 0
TOP OF THE 2ND
Wichita State University Shockers batting - Pitching for University of Illinois Fighting Illini : RHP Pu-la Yun
Batting: RHB Brad Brady 0-0: Called Strike
0-1: Foul Ball, location: 2F
0-2: Ball
1-2: Ball
2-2: Ball
3-2: Ground out 5-3 (Groundball, 56S, EV 89.4 MPH)
Batting: SHB Houston Phillips 0-0: Ball
1-0: Ball
2-0: Foul Ball, location: 2F
2-1: Ground out 3-1 (Groundball, 34, EV 88.1 MPH)
Batting: RHB Caleb Wachtler 0-0: Ball
1-0: Called Strike
1-1: Ball
2-1: Called Strike
2-2: Fly out, F8 (Flyball, 8RM, EV 91.9 MPH)
Top of the 2nd over - 0 runs, 0 hits, 0 errors, 0 left on base; Wichita State University 0 - University of Illinois 0
BOTTOM OF THE 2ND
University of Illinois Fighting Illini batting - Pitching for Wichita State University Shockers : RHP Muckle Wildriver
Batting: LHB Nick Rooney 0-0: Foul Ball, location: 2F
0-1: SINGLE (Groundball, 6D, EV 105.0 MPH)
Batting: RHB Jose Tovar 0-0: Ball
1-0: Ball
2-0: Ball
3-0: Called Strike
3-1: Base on Balls
Nick Rooney to second
Batting: RHB Nick Delisle 0-0: Called Strike
0-1: Called Strike
0-2: Strikes out swinging
Batting: RHB Kelly Hinckle 0-0: Called Strike
0-1: Ball
1-1: Fielders Choice at 2nd, 6-4 (Groundball, 6, EV 84.4 MPH)
Nick Rooney to third
Batting: RHB Marco Castillo 0-0: Ball
1-0: Called Strike
1-1: Fly out, F8 (Flyball, 8RXD, EV 99.4 MPH)
Bottom of the 2nd over - 0 runs, 1 hit, 0 errors, 2 left on base; Wichita State University 0 - University of Illinois 0
TOP OF THE 3RD
Wichita State University Shockers batting - Pitching for University of Illinois Fighting Illini : RHP Pu-la Yun
Batting: LHB Bill Girton 0-0: Ball
1-0: Called Strike
1-1: Ball
2-1: Ground out 4-3 (Groundball, 4M, EV 88.1 MPH)
Batting: RHB Rafael Gil 0-0: Called Strike
0-1: Ball
1-1: Ball
2-1: Foul Ball, location: 2F
2-2: SOLO HOME RUN (Flyball, 7D, EV 101.9 MPH), Distance : 400 ft
Batting: RHB Manny Hensley 0-0: Ball
1-0: Swinging Strike
1-1: Ground out 5-3 (Groundball, 56S, EV 73.8 MPH)
Batting: SHB Nadhir Umayr 0-0: Ball
1-0: Ball
2-0: Fly out, F7 (Flyball, 7, EV 90.0 MPH)
Top of the 3rd over - 1 run, 1 hit, 0 errors, 0 left on base; Wichita State University 1 - University of Illinois 0
BOTTOM OF THE 3RD
University of Illinois Fighting Illini batting - Pitching for Wichita State University Shockers : RHP Muckle Wildriver
Batting: RHB Raul Franco 0-0: Called Strike
0-1: Swinging Strike
0-2: Ball
1-2: Strikes out swinging
Batting: RHB Nick Lombardo 0-0: Foul Ball, location: 2F
0-1: Ball
1-1: Ball
2-1: Ball
3-1: TRIPLE (Line Drive, 8LD, EV 100.6 MPH)
Batting: RHB Tim Jobe 0-0: SINGLE (Groundball, 4D, EV 100.6 MPH)
Nick Lombardo scores
Batting: SHB Matt Urbani 0-0: Ball
1-0: Ball
2-0: Swinging Strike
2-1: Foul Ball, location: 2F
2-2: Strikes out swinging
Batting: LHB Nick Rooney 0-0: Ball
1-0: Ball
2-0: Called Strike
2-1: Called Strike
2-2: Fly out, F9 (Flyball, 89M, EV 87.5 MPH)
Bottom of the 3rd over - 1 run, 2 hits, 0 errors, 1 left on base; Wichita State University 1 - University of Illinois 1
TOP OF THE 4TH
Wichita State University Shockers batting - Pitching for University of Illinois Fighting Illini : RHP Pu-la Yun
Batting: LHB Sam Williams 0-0: Called Strike
0-1: Foul Ball, location: 2F
0-2: Foul Ball, location: 2F
0-2: Strikes out swinging
Batting: RHB Jason Baldwin 0-0: Ball
1-0: Ball
2-0: Called Strike
2-1: Fly out, F3 (Popup, 23F, EV 91.3 MPH)
Batting: RHB Brad Brady 0-0: Foul Ball, location: 2F
0-1: Ball
1-1: Foul Ball, location: 2F
1-2: Ball
2-2: Ground out 6-3 (Groundball, 6, EV 80.6 MPH)
Top of the 4th over - 0 runs, 0 hits, 0 errors, 0 left on base; Wichita State University 1 - University of Illinois 1
BOTTOM OF THE 4TH
University of Illinois Fighting Illini batting - Pitching for Wichita State University Shockers : RHP Muckle Wildriver
Batting: RHB Jose Tovar 0-0: Ball
1-0: Ball
2-0: Ball
3-0: Base on Balls
Batting: RHB Nick Delisle 0-0: Called Strike
0-1: Grounds into double play, 4-6-3 (Groundball, 4, EV 87.5 MPH)
Batting: RHB Kelly Hinckle 0-0: Fly out, F7 (Flyball, 7, EV 83.1 MPH)
Bottom of the 4th over - 0 runs, 0 hits, 0 errors, 0 left on base; Wichita State University 1 - University of Illinois 1
TOP OF THE 5TH
Wichita State University Shockers batting - Pitching for University of Illinois Fighting Illini : RHP Pu-la Yun
Pitching: RHP Victor Mata
Batting: SHB Houston Phillips 0-0: Foul Ball, location: 2F
0-1: Ball
1-1: Fly out, F8 (Flyball, 89M, EV 89.4 MPH)
Batting: RHB Caleb Wachtler 0-0: Called Strike
0-1: Foul Ball, location: 2F
0-2: Ground out 6-3 (Groundball, 6, EV 76.3 MPH)
Batting: LHB Bill Girton 0-0: Ball
1-0: Swinging Strike
1-1: Ball
2-1: Fly out, F9 (Flyball, 9D, EV 100.6 MPH)
Top of the 5th over - 0 runs, 0 hits, 0 errors, 0 left on base; Wichita State University 1 - University of Illinois 1
BOTTOM OF THE 5TH
University of Illinois Fighting Illini batting - Pitching for Wichita State University Shockers : RHP Muckle Wildriver
Pitching: RHP Connor Payne
Batting: RHB Marco Castillo 0-0: Ball
1-0: Ball
2-0: Foul Ball, location: 2F
2-1: Ball
3-1: Foul Ball, location: 2F
3-2: Base on Balls
Batting: RHB Raul Franco 0-0: Called Strike
0-1: Swinging Strike
0-2: Foul Ball, location: 2F
0-2: Ball
1-2: Ball
2-2: Foul Ball, location: 2F
2-2: Ball
3-2: Foul Ball, location: 2F
3-2: Foul Ball, location: 2F
3-2: Foul Ball, location: 2F
3-2: SINGLE (Line Drive, 8RS, EV 109.4 MPH)
Marco Castillo to second
Batting: RHB Nick Lombardo 0-0: Called Strike
0-1: Swinging Strike
0-2: Strikes out swinging
Batting: RHB Tim Jobe 0-0: Swinging Strike
0-1: Fly out, F9 (Flyball, 9D, EV 97.5 MPH)
Runner from 2nd tags up, SAFE at 3rd, no throw by RF
Batting: SHB Matt Urbani 0-0: Ball
1-0: Called Strike
1-1: Fly out, F4 (Popup, 34, EV 60.6 MPH)
Bottom of the 5th over - 0 runs, 1 hit, 0 errors, 2 left on base; Wichita State University 1 - University of Illinois 1
TOP OF THE 6TH
Wichita State University Shockers batting - Pitching for University of Illinois Fighting Illini : RHP Victor Mata
Pinch Hitting: LHB Dong-u Chang 0-0: Ball
1-0: Foul Ball, location: 2F
1-1: Called Strike
1-2: Ball
2-2: Foul Ball, location: 2F
2-2: Ball
3-2: Strikes out swinging
Batting: RHB Manny Hensley 0-0: Ball
1-0: Called Strike
1-1: Swinging Strike
1-2: Ball
2-2: Foul Ball, location: 2F
2-2: Foul Ball, location: 2F
2-2: Fly out, F3 (Flyball, 3D, EV 89.4 MPH)
Batting: SHB Nadhir Umayr 0-0: Ball
1-0: Called Strike
1-1: Ball
2-1: Fly out, F8 (Flyball, 89D, EV 86.3 MPH)
Top of the 6th over - 0 runs, 0 hits, 0 errors, 0 left on base; Wichita State University 1 - University of Illinois 1
BOTTOM OF THE 6TH
University of Illinois Fighting Illini batting - Pitching for Wichita State University Shockers : RHP Connor Payne
Now in LF: John Centner
Batting: LHB Nick Rooney 0-0: Called Strike
0-1: Ball
1-1: Fly out, F6 (Line Drive, 6, EV 71.9 MPH)
Batting: RHB Jose Tovar 0-0: Ball
1-0: Ball
2-0: Ball
3-0: Called Strike
3-1: Base on Balls
Pitching: RHP Eric Patrick
Batting: RHB Nick Delisle 0-0: Ball
1-0: Called Strike
1-1: Called Strike
1-2: Foul Ball, location: 2F
1-2: Ball
2-2: Strikes out looking
Batting: RHB Kelly Hinckle 0-0: Fly out, F7 (Flyball, 7S, EV 88.8 MPH)
Bottom of the 6th over - 0 runs, 0 hits, 0 errors, 1 left on base; Wichita State University 1 - University of Illinois 1
TOP OF THE 7TH
Wichita State University Shockers batting - Pitching for University of Illinois Fighting Illini : RHP Victor Mata
Pitching: RHP Kyle Storey
Batting: LHB Sam Williams 0-0: Ball
1-0: Foul Ball, location: 2F
1-1: Foul Ball, location: 2F
1-2: Foul Ball, location: 2F
1-2: Ball
2-2: SOLO HOME RUN (Line Drive, 9D, EV 98.8 MPH), Distance : 375 ft
Batting: RHB Jason Baldwin 0-0: Called Strike
0-1: Ball
1-1: Ball
2-1: Ground out 6-3 (Groundball, 6MS, EV 85.0 MPH)
Batting: RHB Brad Brady 0-0: Called Strike
0-1: Ball
1-1: Ball
2-1: Hit by Pitch
Batting: SHB Houston Phillips 0-0: Fly out, F8 (Flyball, 8RXD, EV 86.9 MPH)
Batting: RHB Caleb Wachtler 0-0: Fielders Choice at 2nd, 6-4 (Groundball, 6, EV 101.3 MPH)
Top of the 7th over - 1 run, 1 hit, 0 errors, 1 left on base; Wichita State University 2 - University of Illinois 1
BOTTOM OF THE 7TH
University of Illinois Fighting Illini batting - Pitching for Wichita State University Shockers : RHP Eric Patrick
Pinch Hitting: SHB Ryan Buchbinder 0-0: Swinging Strike
0-1: Called Strike
0-2: Strikes out swinging
Batting: RHB Raul Franco 0-0: Ball
1-0: Foul Ball, location: 2F
1-1: Called Strike
1-2: Foul Ball, location: 2F
1-2: Fly out, F8 (Flyball, 8LM, EV 73.8 MPH)
Batting: RHB Nick Lombardo 0-0: Called Strike
0-1: SOLO HOME RUN (Flyball, 7LD, EV 97.5 MPH), Distance : 380 ft
Batting: RHB Tim Jobe 0-0: DOUBLE (Flyball, 9LM, EV 105.6 MPH)
Batting: LHB George Roben 0-0: Ball
1-0: Foul Ball, location: 2F
1-1: Ball
2-1: Fly out, F8 (Flyball, 8RD, EV 89.4 MPH)
Bottom of the 7th over - 1 run, 2 hits, 0 errors, 1 left on base; Wichita State University 2 - University of Illinois 2
TOP OF THE 8TH
Wichita State University Shockers batting - Pitching for University of Illinois Fighting Illini : RHP Kyle Storey
Now in CF: Chris Bejarano
Pinch Hitting: RHB Zach Maguire 0-0: Fly out, F8 (Flyball, 78D, EV 85.0 MPH)
Batting: LHB John Centner 0-0: Ground out 4-3 (Groundball, 4, EV 88.8 MPH)
Batting: RHB Manny Hensley 0-0: Called Strike
0-1: Called Strike
0-2: SINGLE (Groundball, 56D, EV 108.8 MPH)
Batting: LHB Steve LeGrand 0-0: Ball
1-0: Called Strike
1-1: Called Strike
1-2: Foul Ball, location: 2F
1-2: Foul Ball, location: 2F
1-2: Ball
2-2: Strikes out swinging
Top of the 8th over - 0 runs, 1 hit, 0 errors, 1 left on base; Wichita State University 2 - University of Illinois 2
BOTTOM OF THE 8TH
University of Illinois Fighting Illini batting - Pitching for Wichita State University Shockers : RHP Eric Patrick
Now in RF: Bill Nguyen-Tan
Pinch Hitting: RHB Eric Brandenburg 0-0: Ball
1-0: Foul Ball, location: 2F
1-1: Foul Ball, location: 2F
1-2: SOLO HOME RUN (Flyball, 9LD, EV 91.9 MPH), Distance : 358 ft
Pinch Hitting: LHB Jeremy Lynch 0-0: Ball
1-0: Called Strike
1-1: Ball
2-1: Foul Ball, location: 2F
2-2: Foul Ball, location: 2F
2-2: Foul Ball, location: 2F
2-2: Foul Ball, location: 2F
2-2: Foul Ball, location: 2F
2-2: Foul Ball, location: 2F
2-2: Fly out, F9 (Flyball, 9LS, EV 86.3 MPH)
Batting: RHB Nick Delisle 0-0: Foul Ball, location: 2F
0-1: Ball
1-1: Swinging Strike
1-2: Ball
2-2: Ball
3-2: Foul Ball, location: 2F
3-2: Ground out 6-3 (Groundball, 6D, EV 85.0 MPH)
Pitching: RHP Jeremy Delka
Batting: RHB Kelly Hinckle 0-0: Called Strike
0-1: Ball
1-1: Ball
2-1: Called Strike
2-2: Foul Ball, location: 2F
2-2: SOLO HOME RUN (Flyball, 7D, EV 114.4 MPH), Distance : 442 ft
Batting: RHB Chris Bejarano 0-0: Ball
1-0: SINGLE (Groundball, 56S, EV 68.1 MPH) (infield hit)
Batting: RHB Raul Franco 0-0: Ball
1-0: Ball
2-0: Fly out, F7 (Flyball, 7S, EV 85.0 MPH)
Bottom of the 8th over - 2 runs, 3 hits, 0 errors, 1 left on base; Wichita State University 2 - University of Illinois 4
TOP OF THE 9TH
Wichita State University Shockers batting - Pitching for University of Illinois Fighting Illini : RHP Kyle Storey
Pitching: RHP Mike Oliver
Now at 1B: Mario Cornejo
Now in LF: Justin Teague
Pinch Hitting: RHB Sal Guzman 0-0: Called Strike
0-1: Called Strike
0-2: Ball
1-2: Ball
2-2: Ball
3-2: Ground out 4-3 (Groundball, 4, EV 109.4 MPH)
Pinch Hitting: RHB Kieron Clark 0-0: Foul Ball, location: 2F
0-1: Called Strike
0-2: SINGLE (Groundball, 6S, EV 66.9 MPH) (infield hit)
Pinch Hitting: RHB Alex Campos 0-0: Swinging Strike
0-1: Fly out, F7 (Line Drive, 7, EV 90.0 MPH)
Pinch Hitting: RHB Efrain Cedeno 0-0: Fly out, F8 (Flyball, 8RD, EV 91.9 MPH)
Top of the 9th over - 0 runs, 1 hit, 0 errors, 1 left on base; Wichita State University 2 - University of Illinois 4
Thursday, March 31st , 2022 - OOTP Baseball 22.12 Build 89